 Dungeon Crawl Stone Soup version 0.21-a0-634-gaf8bc5d (webtiles) character file.

114 shenanigans the Charmwright (level 4, -4/52 HPs)
             Began as a Barachi Skald on Dec 30, 2017.
             Slain by a killer bee (5 damage)
             ... on level 4 of the Dungeon.
             The game lasted 00:04:28 (1881 turns).

shenanigans the Charmwright (Barachi Skald)         Turns: 1881, Time: 00:04:29

Health: -4/52      AC: 22    Str: 13    XL:     4   Next: 97%
Magic:  8/8        EV:  2    Int: 14    God:
Gold:   68         SH:  0    Dex: 16    Spells: 7/8 levels left

rFire    . . .     SeeInvis .   a - +0 hand axe
rCold    + . .     Gourm    .   (no shield)
rNeg     + + +     Faith    .   (armour currently unavailable)
rPois    +         Spirit   .   (helmet currently unavailable)
rElec    .         Reflect  .   (cloak currently unavailable)
rCorr    .         Harm     .   (gloves currently unavailable)
MR       .....     NoTele   +   (boots currently unavailable)
Stlth    +++.......             (no amulet)
HPRegen  0.17/turn              i - ring of protection from cold
MPRegen  0.11/turn              (no ring)

@: agile, lethally poisoned (-4 -> -10), tree-form, can't hop
A: +LOS, swims
a: no special abilities


You were on level 4 of the Dungeon.
You were near starving.
You were a tree.
You visited 1 branch of the dungeon, and saw 4 of its levels.

You collected 68 gold pieces.

Inventory:

Hand Weapons
 a - a +0 hand axe (weapon)
Armour
 b - a +0 leather armour
 m - a +0 chain mail (melded)
Jewellery
 i - a ring of protection from cold (left branch)
Scrolls
 e - 2 scrolls of identify {unknown}
 f - 2 scrolls of magic mapping {unknown}
 k - a scroll of teleportation {unknown}
 l - a scroll of fog {unknown}
Potions
 h - a potion of agility
Books
 c - a book of Battle

   Spells                             Type                      Level
   a - Infusion                       Charms                       1
   b - Shroud of Golubria             Charms/Translocation         2
   c - Song of Slaying                Charms                       2
   d - Spectral Weapon                Hexes/Charms                 3
   e - Regeneration                   Charms/Necromancy            3
Comestibles
 d - 5 rations


   Skills:
 + Level 3.2 Fighting
 + Level 2.9 Axes
 + Level 2.4 Armour
 + Level 3.0 Dodging
 + Level 1.4 Stealth
 + Level 2.9 Spellcasting
 - Level 3.2 Charms


You had 7 spell levels left.
You knew the following spells:

 Your Spells              Type           Power        Failure   Level  Hunger
a - Infusion              Chrm           ##..         5%          1    #......


Dungeon Overview and Level Annotations

Branches:
Dungeon (4/15)
 Temple: D:4-7

Altars:
Zin

Annotations:
D:3 McSplat's ghost, amateur GnNe


Innate Abilities, Weirdness & Mutations

Shadows flee at your approach. (+LOS)
You can swim through water.
((You cover ground slowly.))
((You can hop short distances.))


Message History

The killer bee stings you.
* * * LOW HITPOINT WARNING * * *
You are lethally poisoned!
The killer bee poisons you!
The killer bee stings you but does no damage.
You miss the killer bee. x2; You hit the killer bee.
You barely miss the killer bee.
* * * LOW HITPOINT WARNING * * *
You feel sick.
The killer bee stings you but does no damage. x2
The killer bee stings you.
* * * LOW HITPOINT WARNING * * *
The killer bee stings you but does no damage. x5
The killer bee completely misses you.
The killer bee stings you but does no damage.
You miss the killer bee. You hit the killer bee.
You barely miss the killer bee. You hit the killer bee.
* * * LOW HITPOINT WARNING * * *
You feel sick. The killer bee stings you.
You die...

.## ##)........#...
...## ##..#######
.....# ##..##
).....##..##
.........##
..........###
#......(....###
#...........yy###
##..........y♣..#
#.........##y....#
##.......#####.....#
#......## ###....
#.....## #.. #.##.##
# #. ## .


You could see 4 killer bees.

Vanquished Creatures
  An orc wizard (D:2)
  Terence (D:3)
  2 adders (D:3)
  An ooze (D:1)
  An adder skeleton (D:4)
  A leopard gecko (D:2)
  4 orcs
  A ball python (D:2)
  4 goblins
  3 hobgoblins
  5 jackals (D:1)
  4 kobolds
  3 bats (D:1)
  A frilled lizard (D:1)
  4 rats
36 creatures vanquished.

Notes
Turn   | Place    | Note
-------+----------+-------------------------------------------
     0 | D:1      | shenanigans the Barachi Skald began the quest for the Orb.
     0 | D:1      | Reached XP level 1. HP: 17/17 MP: 3/3
    45 | D:1      | Reached XP level 2. HP: 3/23 MP: 5/5
    46 | D:1      | HP: 1/23 [goblin/dagger (2)]
   599 | D:1      | Reached XP level 3. HP: 28/28 MP: 6/6
   863 | D:2      | Reached skill level 1 in Stealth
  1131 | D:2      | Found a glowing silver altar of Zin.
  1199 | D:2      | Reached XP level 4. HP: 35/35 MP: 7/7
  1218 | D:3      | Noticed Terence
  1233 | D:3      | Killed Terence
  1572 | D:3      | Noticed McSplat's ghost (amateur GnNe)
  1880 | D:4      | HP: 2/52 [killer bee (5)]
  1881 | D:4      | Slain by a killer bee

Vault maps used:
D:1:      scummos_arrival_star
D:2:      elyvilon_altar_3, okawaru_altar_gauntlet_db, zin_statuary,
          serial_forest, infiniplex_forest_lined_room_2,
          infiniplex_forest_straight_2, infiniplex_forest_clump_small,
          infiniplex_forest_straight_2, infiniplex_forest_lined_room_3,
          infiniplex_forest_lined_room_3, infiniplex_forest_straight_2
D:3:      trog_butcher_becter, uniq_ijyb, uniq_terence
D:4:      minmay_temple_entry_trees, first_ration

Skill      XL: |  1  2  3  4 |
---------------+-------------+-----
Armour         | 2 |  2.4
Stealth        | 1 |  1.4
Fighting       | 3 |  3.2
Dodging        | 3 |  3.0
Axes           | |  2.9
Spellcasting   | |  2.9
Charms         | |  3.2

Action                   |  1- 3 |  4- 6 || total
-------------------------+-------+-------++-------
Melee: Hand axe          |    78 |    67 ||   145
 Cast: Infusion          |     2 |     1 ||     3
 Abil: Hop               |     1 |     1 ||     2
  Use: Potion            |       |     3 ||     3
  Eat: Chunk             |       |     2 ||     2
Armor: Leather armour    |    36 |       ||    36
       Chain mail        |       |    35 ||    35
       Skin              |       |    20 ||    20
Dodge: Dodged            |    75 |    29 ||   104

Table legend:
 A = Spawn XP
 B = Non-spawn XP
 C = Spawn XP percentage of total XP
 D = Spawn monster count
 E = Non-spawn monster count
 F = Spawn count percentage of total count
 G = Total turns spent on level
                    A         B        C        D         E        F      G
               +---------+---------+-------+---------+---------+-------+---------
         Total |       0 |     163 |   0.0 |       0 |      36 |   0.0 |  1881
               +---------+---------+-------+---------+---------+-------+---------
           D:1 |       0 |      38 |   0.0 |       0 |      19 |   0.0 |   850
           D:2 |       0 |      46 |   0.0 |       0 |       5 |   0.0 |   361
           D:3 |       0 |      71 |   0.0 |       0 |      10 |   0.0 |   375
           D:4 |       0 |       8 |   0.0 |       0 |       2 |   0.0 |   295
               +---------+---------+-------+---------+---------+-------+---------
